AoeStats
← ElSchlekko

African Clearing

512754276Analyzed
4v4 RM · 6d ago on Oct 10, 2026· 52m 0s· 8 players
Game mode
Random Map
Map size
Large (8 player)
Population
200
Speed
Normal
Resources
Standard
Victory
Conquest
Starting age
Dark Age
Ending age
Imperial Age
RankedLock teamsTeams togetherTeam positionsShared explorationLock speedFull tech treeHidden civsTurbo modeCheats
Victory
Defeat
🇮🇳 Dravidians · India
1268
+13
1234
+14
🇺🇸 Mongols · United States
1222
+15
🇦🇷 Japanese · Argentina
1171
+17
vs
🇪🇸 Ethiopians · Spain
1233
-16
🇩🇪 Varangians · Germany
1195
-15
🇩🇪 Sicilians · Germany
1194
-15
🇹🇷 Saracens · Türkiye
1152
-13
ElSchlekko
5:50 Loom
13:44 Feudal Age
20:25 Scale Mail Armor
20:36 Forging
22:29 Castle Age
22:08 Double-Bit Axe
27:03 Bow Saw
44:58 Light Cavalry
46:05 Horse Collar
47:10 Bloodlines
49:48 Scale Barding Armor
javipuerto
6:30 Loom
14:35 Feudal Age
15:08 Double-Bit Axe
21:28 Castle Age
19:26 Gold Mining
20:11 Horse Collar
22:01 Fletching
21:33 Crossbowman
22:44 Bodkin Arrow
23:55 Bow Saw
25:30 Padded Archer Armor
25:11 Elite Skirmisher
26:48 Ballistics
30:52 Stone Mining
33:19 Leather Archer Armor
35:43 Stone Shaft Mining
43:35 Wheelbarrow
45:09 Hand Cart
48:35 Imperial Age
46:51 Bow Saw
48:14 Murder Holes
48:29 Masonry
49:48 Halberdier
50:28 Squires
Nomad
11:56 Loom
17:29 Feudal Age
19:18 Horse Collar
22:00 Castle Age
19:55 Double-Bit Axe
23:25 Wheelbarrow
24:22 Husbandry
30:04 Gold Mining
30:42 Scale Barding Armor
34:11 Bow Saw
34:10 Heavy Plow
36:11 Stone Mining
41:48 Stone Shaft Mining
43:47 Imperial Age
41:45 Hand Cart
42:15 Forging
42:31 Chain Barding Armor
42:34 Bloodlines
44:16 Iron Casting
44:11 Elite Jarl
45:12 Conscription
47:03 Blast Furnace
46:39 Plate Barding Armor
CoskunKaya
5:08 Loom
5:26 Loom
14:12 Feudal Age
17:54 Castle Age
16:18 Double-Bit Axe
17:32 Wheelbarrow
16:43 Town Watch
22:56 Hand Cart
27:04 Bloodlines
28:12 Scale Barding Armor
29:43 Husbandry
29:46 Horse Collar
30:16 Bow Saw
31:21 Forging
33:00 Chain Barding Armor
33:32 Iron Casting
35:44 Fletching
36:41 Heavy Plow
36:32 Stone Mining
36:32 Gold Mining
37:09 Bimaristan
38:59 Gold Shaft Mining
41:35 Imperial Age
39:50 Ballistics
39:26 Murder Holes
40:26 Bodkin Arrow
43:43 Blast Furnace
43:05 Conscription
43:44 Plate Barding Armor
44:30 Elite Mameluke
45:59 Hoardings
47:52 Plate Barding Armor
47:18 Bracer
タタールが村に入った
3:30 Loom
13:45 Feudal Age
18:01 Castle Age
16:13 Fletching
16:30 Double-Bit Axe
18:40 Bodkin Arrow
19:38 Padded Archer Armor
24:08 Scale Barding Armor
24:47 Forging
24:53 Husbandry
33:59 Bloodlines
37:18 Ballistics
39:41 Leather Archer Armor
43:21 Imperial Age
44:03 Heavy Cavalry Archer
45:10 Bracer
47:51 Ring Archer Armor
50:00 Chain Barding Armor
51:31 Bow Saw
NahuelR
9:29 Loom
12:29 Feudal Age
12:50 Man-at-Arms
14:27 Arson
20:13 Castle Age
19:05 Stone Mining
19:02 Double-Bit Axe
19:20 Horse Collar
26:18 Forging
29:58 Wheelbarrow
34:40 Imperial Age
33:30 Hand Cart
35:01 Heavy Plow
36:19 Iron Casting
35:47 Squires
35:33 Gambesons
36:30 Conscription
36:12 Scale Mail Armor
37:55 Elite Skirmisher
39:36 Fletching
39:46 Padded Archer Armor
41:23 Ballistics
41:46 Yasama
42:55 Thumb Ring
43:16 Bodkin Arrow
43:36 Leather Archer Armor
44:22 Blast Furnace
45:45 Bracer
47:34 Chemistry
47:05 Ring Archer Armor
49:07 Blast Furnace
48:22 Chain Mail Armor
50:09 Elite Samurai
PapaSmurf
11:59 Loom
14:09 Feudal Age
15:12 Double-Bit Axe
17:32 Bloodlines
18:02 Scale Barding Armor
18:08 Forging
27:09 Castle Age
24:59 Horse Collar
27:46 Gold Mining
27:48 Stone Mining
27:35 Light Cavalry
28:17 Husbandry
29:06 Bow Saw
33:37 Iron Casting
33:43 Heavy Plow
37:19 Wheelbarrow
36:30 Town Watch
38:54 Town Patrol
41:00 Hand Cart
45:15 Imperial Age
45:41 Hussar
46:47 Chain Barding Armor
47:27 Blast Furnace
47:10 Gold Shaft Mining
45:59 Capped Ram
47:05 Conscription
47:06 Drill
48:00 Siege Ram
AztecKiller2427
6:08 Loom
6:27 Loom
13:18 Feudal Age
13:22 Man-at-Arms
14:17 Double-Bit Axe
15:09 Scale Mail Armor
22:29 Horse Collar
24:50 Fletching
28:00 Castle Age
26:49 Padded Archer Armor
29:15 Bodkin Arrow
29:54 Thumb Ring
33:51 Wheelbarrow
35:17 Hand Cart
36:41 Bow Saw
37:08 Leather Archer Armor
38:19 Ballistics
38:51 Heavy Plow
43:15 Imperial Age
42:25 Leather Archer Armor
43:36 Elite Elephant Archer
44:44 Bracer
45:14 Ring Archer Armor
45:07 Pikeman
45:47 Squires
47:05 Chemistry
48:42 Gold Mining
49:44 Siege Elephant
Connection lost

Rejoining the realm…

Still unreachable

The connection could not be restored.

Session expired

The server has moved on; the page needs a fresh start.